 Dungeon Crawl Stone Soup version 0.28.0-47-ge53b351184 (webtiles) character file.

Game seed: 10863172425514046452

90 pkoi the Covered (level 4, 0/37 HPs)
             Began as a Demigod Fighter on Apr 28, 2022.
             Slain by a hobgoblin
             ... wielding a +0 quarterstaff
              (5 damage)
             ... on level 1 of the Dungeon.
             The game lasted 00:05:52 (5008 turns).

pkoi the Covered (Demigod Fighter)                  Turns: 5008, Time: 00:05:53

Health: 0/37       AC:  2    Str: 17    XL:     4   Next: 11%
Magic:  4/7        EV: 10    Int: 14    God:
Gold:   119        SH:  4    Dex: 13    Spells: 3/4 levels left

rFire   . . .      SeeInvis .     - Unarmed
rCold   . . .      Faith    .   b - +0 buckler
rNeg    . . .      Spirit   .   g - +0 robe
rPois   .          Reflect  .   (no helmet)
rElec   .          Harm     .   (no cloak)
rCorr   .          Rampage  .   (no gloves)
Will    .....                   (no boots)
Stlth   +.........              (no amulet)
HPRegen 0.12/turn               m - ring of flight
MPRegen 0.10/turn               (no ring)

@: flying, very slightly contaminated
A: high MP 1, forlorn, divine attributes
a: no special abilities


You were on level 1 of the Dungeon.
You visited 1 branch of the dungeon, and saw 2 of its levels.

You collected 119 gold pieces.

Inventory:

Hand Weapons
 d - a +0 dagger
 q - a +0 whip
Missiles
 e - 5 poisoned darts
Armour
 a - a +0 scale mail
 b - a +0 buckler (worn)
 g - a +0 robe (worn)
Jewellery
 m - a ring of flight (left hand)
Potions
 c - 2 potions of might
 f - a potion of curing
 i - a potion of magic {unknown}
 l - 2 potions of attraction {unknown}


   Skills:
 - Level 2.6 Fighting
 + Level 3.2 Armour
 + Level 3.2 Shields
 + Level 2.8 Unarmed Combat
 + Level 0.7 Spellcasting
 + Level 1.0 Conjurations


You had 3 spell levels left.
You knew the following spells:

 Your Spells              Type           Power      Damage    Failure   Level
a - Magic Dart            Conj           12%        1d3       24%         1

Your spell library contained the following spells:

 Spells                   Type           Power      Damage    Failure   Level
 Sandblast                Erth           0%         2d4       34%         1
 Static Discharge         Conj/Air       1%         N/A       41%         2
 Call Imp                 Summ           0%         N/A       47%         2
 Passwall                 Tmut/Erth      0%         N/A       47%         2
 Stone Arrow              Conj/Erth      2%         3d7       65%         3
 Mephitic Cloud           Conj/Pois/Air  1%         N/A       67%         3
 Sticky Flame             Conj/Fire      1%         2d3       96%         4
 Dispel Undead            Necr           0%         3d6       98%         4


Dungeon Overview and Level Annotations

Branches:
Dungeon (2/15)


Innate Abilities, Weirdness & Mutations

You have an increased reservoir of magic. (+10% MP)
You shall have no god before yourself.
Your divine heritage dramatically boosts your attributes as you level up.


Message History

The hobgoblin is moderately wounded.
The hobgoblin closely misses you.
Your magical contamination has completely faded away.
You completely miss the hobgoblin.
The hobgoblin is moderately wounded.
The hobgoblin barely misses you.
You closely miss the hobgoblin.
The hobgoblin is moderately wounded.
You block the hobgoblin's attack.
You hit the hobgoblin.
The hobgoblin is heavily wounded.
The hobgoblin barely misses you.
You barely miss the hobgoblin.
The hobgoblin is heavily wounded.
You block the hobgoblin's attack.
The hobgoblin hits you with a +0 quarterstaff!
* * * LOW HITPOINT WARNING * * *
You barely miss the hobgoblin.
The hobgoblin is heavily wounded.
You hit the hobgoblin.
The hobgoblin is almost dead.
The hobgoblin hits you with a +0 quarterstaff!
* * * LOW HITPOINT WARNING * * *
You completely miss the hobgoblin.
The hobgoblin is almost dead.
The hobgoblin drinks a potion.
The hobgoblin is healed!
You barely miss the hobgoblin.
The hobgoblin hits you with a +0 quarterstaff!
* * * LOW HITPOINT WARNING * * *
You hit the hobgoblin.
The hobgoblin is severely wounded.
The hobgoblin closely misses you.
Aiming: Magic Dart (safe; 24% risk of failure)
Press: ? - help, Q - select action, (/) - cycle Shift-Dir - straight line, f - hobgoblin
Aim: a hobgoblin, wielding a +0 quarterstaff (severely wounded, 100% to hit)
You miscast Magic Dart.
You are very lightly contaminated with residual magic.
Nothing appears to happen.
The hobgoblin hits you with a +0 quarterstaff.
You die...

#......###.#.........
#......'.............
#......###.#..#....#.
#......# #....###..#.
#......# #...........
#......###.###+###.##
#....####..'.....#.+.
#...g####..###.#'####
#...@......'.#.+.....
#....#.....#.#.#..<..
#....#.....#.###..>..
#..........#.#.#.....
#..........+.#.#.....
#..........#+#.######
#..........+.....'.#.
##....########.###+##
#........###......#


You could see a hobgoblin.

Vanquished Creatures
  3 adders (D:2)
  2 worms (D:2)
  2 dart slugs (D:1)
  6 endoplasms
  3 giant cockroaches
  8 hobgoblins
  A jackal (D:2)
  4 kobolds
  5 quokkas
  2 ball pythons (D:1)
  5 bats
  3 frilled lizards (D:1)
  2 goblins
  2 rats (D:1)
48 creatures vanquished.

Notes
Turn   | Place    | Note
-------+----------+-------------------------------------------
     0 | D:1      | pkoi the Demigod Fighter began the quest for the Orb.
     0 | D:1      | Reached XP level 1. HP: 18/18 MP: 3/3
   681 | D:1      | Reached XP level 2. HP: 8/25 MP: 4/4
  1353 | D:1      | Learned a level 1 spell: Magic Dart
  1912 | D:1      | Reached XP level 3. HP: 30/30 MP: 2/5
  3822 | D:2      | Reached XP level 4. HP: 37/37 MP: 2/7
  4954 | D:2      | Reached skill level 1 in Conjurations
  5008 | D:1      | Slain by a hobgoblin

Illustrated notes

Levels and vault maps discovered:
D:1:      shiori_arrival_maze, layout_basic, hellmonk_ecumenical_altar_zigzags
D:2:      layout_loops_ring, minmay_small_reverse_x

Skill      XL: |  1  2  3  4 |
---------------+-------------+-----
Unarmed Combat | 2 |  2.8
Armour         | 3 |  3.2
Shields        | 3 |  3.2
Conjurations   | 1 |  1.0
Fighting       | |  2.6
Spellcasting   | |  0.7

Action                   |  1- 3 |  4- 6 || total
-------------------------+-------+-------++-------
Melee: Unarmed           |   196 |    60 ||   256
 Cast: Magic Dart        |    51 |    44 ||    95
  Use: Scroll            |     6 |       ||     6
Armor: Scale mail        |    29 |       ||    29
       Robe              |    13 |     1 ||    14
Dodge: Dodged            |    74 |    16 ||    90
Block: Buckler           |    46 |     7 ||    53
